 Dungeon Crawl Stone Soup version 0.27-a0-1590-g15f69828bf (webtiles) character file.

Game seed: 4787077224109098209

95 Shayle the Ducker (level 4, -1/33 HPs)
             Began as a Djinni Hedge Wizard on July 19, 2021.
             Slain by a phantom (7 damage)
             ... on level 2 of the Dungeon.
             The game lasted 00:12:52 (3622 turns).

Shayle the Ducker (Djinni Hedge Wizard)             Turns: 3622, Time: 00:12:53

Health: -1/33      AC:  5    Str:  9    XL:     4   Next: 95%
Gold:   111        EV: 13    Int: 16    God:
                   SH:  0    Dex: 13

rFire    + + .     SeeInvis .   a - +0 dagger
rCold    x . .     Faith    .   (no shield)
rNeg     . . .     Spirit   .   b - +0 robe
rPois    ∞         Reflect  .   c - +0 hat
rElec    .         Harm     .   d - +2 cloak
rCorr    .         Rampage  .   (no gloves)
Will     .....                  (boots unavailable)
Stlth    ++........             (no amulet)
HPRegen  0.11/turn              (no ring)
MPRegen  0.00/turn              (no ring)

@: flying
A: sickness immunity, fire resistance 2, cold vulnerability 1, float, innate
caster, hp casting, extra vitality 1
a: no special abilities


You were on level 2 of the Dungeon.
You visited 1 branch of the dungeon, and saw 2 of its levels.

You collected 111 gold pieces.

Inventory:

Hand Weapons
 a - a +0 dagger (weapon)
Armour
 b - a +0 robe (worn)
 c - a +0 hat (worn)
 d - a +2 cloak (worn)
Scrolls
 f - a scroll of identify {unknown}
 g - a scroll of enchant weapon {unknown}
Potions
 e - a potion of curing {unknown}


   Skills:
 + Level 2.1 Fighting
 + Level 3.5 Dodging
 - Level 1.5 Stealth
 + Level 3.0 Spellcasting


You couldn't memorise any spells.
You knew the following spells:

 Your Spells              Type           Power      Damage    Failure   Level
a - Magic Dart            Conj           48%        1d5       5%          1
b - Blink                 Tloc           N/A        N/A       8%          2
c - Call Imp              Summ           12%        N/A       8%          2
d - Slow                  Hex            12%        N/A       8%          2
e - Conjure Flame         Conj/Fire      12%        6-21      16%         3
f - Mephitic Cloud        Conj/Pois/Air  12%        N/A       16%         3
g - Animate Skeleton      Necr           24%        N/A       5%          1
Your spell library was empty.

Dungeon Overview and Level Annotations

Branches:
Dungeon (2/15)

Altars:


Innate Abilities, Weirdness & Mutations

You are immune to sickness and miasma.
You are immune to poison.
Your flesh is very heat resistant. (rF++)
You are vulnerable to cold. (rC-)
You float through the air rather than walking.
You learn spells naturally, not from books.
Your magical power is your life essence.
You have superior vitality. (+4 HP)


Message History

You hit the phantom but do no damage.
The phantom is moderately damaged.
Your crimson imp blinks!
Your crimson imp hits the phantom.
The phantom hits your crimson imp.
The phantom blinks!
Your crimson imp blinks!
Casting: Call Imp (safe; 8% risk of failure)
Confirm with . or Enter, or press ? or * to list all spells.
A beastly little devil appears in a puff of flame.
You swap places.
Your crimson imp blinks!
The phantom hits your white imp.
The phantom blinks!
Your white imp blinks!
Your white imp hits the phantom.
Your white imp freezes the phantom.
The phantom resists.
You closely miss the phantom.
The phantom is heavily damaged.
Your white imp disappears in a puff of smoke!
The phantom hits you.
* * * LOW HITPOINT WARNING * * *
The phantom blinks!
You blink.
Unknown command.
You hit the phantom.
The phantom is heavily damaged.
The phantom barely misses you.
Your crimson imp closely misses the phantom.
Unknown command.
You hit the phantom but do no damage.
The phantom is heavily damaged.
The phantom hits you but does no damage.
Your crimson imp barely misses the phantom.
Unknown command.
You closely miss the phantom.
The phantom is heavily damaged.
The phantom closely misses you.
Your crimson imp hits the phantom.
Your crimson imp closely misses the phantom.
You closely miss the phantom.
The phantom is severely damaged.
The phantom hits you!
You die...

#.#.... ...... #
.##.#.>.# #...##.#
........###....#.## #.
#.....#.#.......#
#.#####.#..†<##.#..#
#..................#
#...............##.#
#............####
#......§#55@.#####.#
######.......##W#....^..#
.....#.......##.#########
#........#.#.#
#...###.###..# ###....##
##.# . #...###(# #.##
#..#.#.#### .#
..........# .#


You could see a phantom (ally target) and 2 friendly crimson imps.

Vanquished Creatures
  2 ball pythons
  2 endoplasms (D:1)
  2 giant cockroaches
  3 goblins
  5 hobgoblins
  5 jackals
  3 kobolds
  8 bats
  2 frilled lizards
  7 rats
39 creatures vanquished.

Vanquished Creatures (collateral kills)
  Natasha (twice) (D:2)
  2 adders (D:2)
  A worm (D:2)
  A kobold (D:2)
  A quokka (D:2)
  A ball python (D:2)
8 creatures vanquished.

Grand Total: 47 creatures vanquished

Notes
Turn   | Place    | Note
-------+----------+-------------------------------------------
     0 | D:1      | Shayle the Djinni Hedge Wizard began the quest for the Orb.
     0 | D:1      | Reached XP level 1. HP: 15/15 MP: 0/0
   506 | D:1      | Reached XP level 2. HP: 12/22 MP: 0/0
  1000 | D:1      | Reached skill level 1 in Fighting
  1217 | D:1      | Reached XP level 3. HP: 22/27 MP: 0/0
  1217 | D:1      | Learned a level 1 spell: Animate Skeleton
  1856 | D:2      | Noticed Natasha
  1874 | D:2      | Killed Natasha
  2126 | D:2      | Reached XP level 4. HP: 7/32 MP: 0/0
  2127 | D:2      | HP: 1/32 [jackal (3)]
  3346 | D:2      | Noticed Natasha
  3363 | D:2      | Killed Natasha
  3596 | D:2      | Noticed a phantom
  3622 | D:2      | Slain by a phantom

Illustrated notes

Levels and vault maps discovered:
D:1:      dpeg_arrival_erosion, layout_basic
D:2:      layout_loops_cross, uniq_natasha, uniq_jessica

Skill      XL: |  1  2  3  4 |
---------------+-------------+-----
Fighting       | 1 2 |  2.1
Dodging        | 3 |  3.5
Spellcasting   | 3 |  3.0
Stealth        | |  1.5

Action                   |  1- 3 |  4- 6 || total
-------------------------+-------+-------++-------
Melee: Dagger            |    86 |    85 ||   171
 Cast: Magic Dart        |    40 |     1 ||    41
       Mephitic Cloud    |     5 |     9 ||    14
       Call Imp          |     3 |    14 ||    17
       Conjure Flame     |     1 |       ||     1
  Use: Potion            |     1 |     1 ||     2
 Stab: Confused          |       |     2 ||     2
       Sleeping          |       |     1 ||     1
Armor: Robe              |    65 |    24 ||    89
Dodge: Dodged            |    83 |    62 ||   145

Table legend: (Time is in decaauts)
 A = Elapsed time spent in this place.
 B = Non-inter-level travel time spent in this place.
 C = Inter-level travel time spent in this place.
 D = Time resting spent in this place.
 E = Time spent auto-exploring this place.
 F = Levels seen in this place.
 G = Mean time per level.
                   A        B        C        D        E       F      G
               +--------+--------+--------+--------+--------+-----+--------+
         Total |   3606 |   3576 |     30 |   1371 |   1571 |   2 | 1803.0 |
       Dungeon |   3606 |   3576 |     30 |   1371 |   1571 |   2 | 1803.0 |
               +--------+--------+--------+--------+--------+-----+--------+

Top non-repeatable levels by time:
     D:1: 2217 daAuts
     D:2: 1388 daAuts
